 Dungeon Crawl Stone Soup version 0.25-a0-308-geac79542e2 (webtiles) character file.

Game seed: 1734656413932388481, levelgen mode: deterministic

11 MisterFreud the Ducker (level 2, -1/14 HPs)
             Began as a Felid Abyssal Knight on Dec 21, 2019.
             Was an Initiate of Lugonu.
             Slain by a hobgoblin
             ... wielding a +0 club
              (7 damage)
             ... on level 1 of the Dungeon.
             The game lasted 00:02:21 (797 turns).

MisterFreud the Ducker (Felid Abyssal Knight)        Turns: 797, Time: 00:02:22

Health: -1/14      AC:  1    Str:  8    XL:     2   Next: 13%
Magic:  4/4        EV: 18    Int: 13    God:    Lugonu [......]
Gold:   12         SH:  0    Dex: 15    Spells: 1/1 levels left
                                        Lives:  0   Deaths: 0

rFire    . . .     SeeInvis +     - Unarmed
rCold    . . .     Gourm    .   (shield unavailable)
rNeg     . . .     Faith    .   (armour unavailable)
rPois    .         Spirit   .   (helmet unavailable)
rElec    .         Reflect  .   (cloak unavailable)
rCorr    .         Harm     .   (gloves unavailable)
MR       .....                  (boots unavailable)
Stlth    ++........             (no amulet)
HPRegen  0.04/turn              (no ring)
MPRegen  0.09/turn              (no ring)

@: quick
A: very small, no armour, no weapons or thrown items, stealth, claws 1, fangs 3,
see invisible, carnivore, speed 1, shaggy fur 1, slow metabolism 1, sharp paws
a: Renounce Religion


You were on level 1 of the Dungeon.
You worshipped Lugonu.
Lugonu was noncommittal.
You were full.

You visited 1 branch of the dungeon, and saw 1 of its levels.
You visited the Abyss 1 time.

You collected 12 gold pieces.

Inventory:

Scrolls
 d - a scroll of identify {unknown}
 e - a scroll of teleportation {unknown}
Potions
 b - 2 potions of magic {unknown}
 c - a potion of cancellation {unknown}
 f - a potion of haste {unknown}
Comestibles
 a - 2 rations


   Skills:
 * Level 3.2 Fighting
 + Level 3.3 Dodging
 * Level 2.3 Unarmed Combat
 + Level 2.0 Invocations


You had one spell level left.
You didn't know any spells.
Your spell library was empty.

Dungeon Overview and Level Annotations

Branches:
Dungeon (1/15)

Altars:


Innate Abilities, Weirdness & Mutations

You cannot wear armour.
You are incapable of wielding weapons or throwing items.
Your paws allow you to move quietly. (Stealth)
You have sharp claws.
You have razor-sharp teeth.
You have supernaturally acute eyesight. (SInv)
You are carnivorous and can eat meat at any time.
You cover ground quickly.
You are covered in fur. (AC +1)
You have a slow metabolism.
Your sharp claws are effective at attacking unaware monsters.


Message History

The rat bites you.
You barely miss the rat. The rat closely misses you.
You scratch the rat.
You kill the rat!
Lugonu accepts your kill.
A hobgoblin comes into view. It is wielding a +0 club.
The hobgoblin shouts!
You hear a shout!
The hobgoblin moves out of view.
You hear a shout!
A goblin and a kobold come into view.
The goblin shouts!
You barely miss the hobgoblin. The hobgoblin hits you with a +0 club.
You scratch the hobgoblin.
The hobgoblin is almost dead.
The hobgoblin hits you with a +0 club.
You barely miss the hobgoblin.
The hobgoblin is almost dead.
The hobgoblin hits you with a +0 club!
Ouch! That really hurt!
You die...

.....# ..... ....# ... #
... #..###.#######
#........K....
##..###.########
.......Kgg@....#
##..##########.#
#.............#
#.##########.############
#.###### #.##..........
#......## #......#######
#.###...####.##.#........
#.# #.#.........#########
#.# #...####.####


You could see a hobgoblin, a goblin and a kobold.

Vanquished Creatures
  A leopard gecko (D:1)
  2 goblins (D:1)
  2 hobgoblins (D:1)
  A kobold (D:1)
  2 frilled lizards (D:1)
  A rat (D:1)
9 creatures vanquished.

Notes
Turn   | Place    | Note
-------+----------+-------------------------------------------
     0 | Abyss:1  | MisterFreud the Felid Abyssal Knight began the quest for
                  | the Orb.
     0 | Abyss:1  | Reached XP level 1. HP: 10/10 MP: 3/3
    32 | Abyss:1  | Noticed a ynoxinul
    33 | D:1      | Escaped the Abyss
    33 | D:1      | Noticed a spriggan
    33 | D:1      | Noticed a minotaur
    35 | D:1      | Noticed a dwarf
    35 | D:1      | Noticed a minotaur
    36 | D:1      | Noticed a troll
    38 | D:1      | Noticed a vine stalker
    41 | D:1      | Noticed an octopode
    43 | D:1      | Noticed a vampire
    44 | D:1      | Noticed a draconian
    46 | D:1      | Noticed a ghoul
    48 | D:1      | Noticed an elf
    49 | D:1      | Noticed a ghoul
    50 | D:1      | Noticed a troll
    50 | D:1      | Noticed a gargoyle
    52 | D:1      | Noticed a felid
    52 | D:1      | Noticed a vampire
    56 | D:1      | Noticed a naga
   350 | D:1      | Reached XP level 2. HP: 1/14 MP: 4/4
   797 | D:1      | Slain by a hobgoblin

Levels and vault maps discovered:
D:1:      shiori_arrival_whats_in_store_for_you, layout_loops_ring,
          minmay_indecisive_spiral

Skill      XL: |  1  2 |
---------------+-------+-----
Invocations    | 2 |  2.0
Fighting       | |  3.2
Dodging        | |  3.3
Unarmed Combat | |  2.3

Action                   || total
-------------------------++-------
Melee: Unarmed           ||    33
       Bite              ||     3
Invok: Depart the Abyss  ||     1
 Stab: Sleeping          ||     1
  Eat: Chunk             ||     3
Dodge: Dodged            ||    14

Table legend:
 A = Non-vault XP
 B = Vault XP
 C = Vault XP percentage of total XP
 D = Non-vault monster count
 E = Vault monster count
 F = Vault count percentage of total count
                 A         B        C        D         E       F
            +---------+---------+-------+---------+---------+-------
      Total |      16 |       0 |   0.0 |       9 |       0 |   0.0
            +---------+---------+-------+---------+---------+-------
        D:1 |      16 |       0 |   0.0 |       9 |       0 |   0.0
            +---------+---------+-------+---------+---------+-------
